 Dungeon Crawl Stone Soup version 0.27-a0-54-g64bdb92e38 (webtiles) character file.

Game seed: 7235880230370398688

114 kae the Insei (level 4, 0/29 HPs)
             Began as an Octopode Transmuter on Jan 7, 2021.
             Succumbed to an adder's poison
             ... on level 3 of the Dungeon.
             The game lasted 00:01:35 (2685 turns).

kae the Insei (Octopode Transmuter)                 Turns: 2685, Time: 00:01:36

Health: 0/29       AC:  1    Str:  8 (10) XL:     4   Next: 98%
Magic:  7/7        EV: 13    Int: 13 (15) God:
Gold:   103        SH:  0    Dex:  9 (12) Spells: 4/8 levels left

rFire    . . .     SeeInvis +     - Unarmed
rCold    . . .     Faith    .   (no shield)
rNeg     . . .     Spirit   .   (helmet currently unavailable)
rPois    .         Reflect  .   (no amulet)
rElec    .         Harm     .   (no ring)
rCorr    .         Rampage  .   (no ring)
Will     .....                  (no ring)
Stlth    ++........             (no ring)
HPRegen  0.09/turn              (no ring)
MPRegen  0.10/turn              (no ring)
                                (no ring)
                                (no ring)

@: lethally poisoned (0 -> -5), appendages (expiring)
A: almost no armour, stealthy swim, amphibious, 8 rings, constrict 8, tentacle
spike 3, camouflage 1, see invisible, gelatinous body 1
a: End Transformation


You were on level 3 of the Dungeon.
One of your tentacles had a temporary spike.
You visited 1 branch of the dungeon, and saw 3 of its levels.

You collected 103 gold pieces.

Inventory:

Potions
 b - a potion of flight


   Skills:
 + Level 1.8 Fighting
 + Level 2.6 Dodging
 * Level 4.0 Unarmed Combat
 + Level 2.5 Spellcasting
 + Level 2.7 Transmutations


You had 4 spell levels left.
You knew the following spells:

 Your Spells              Type           Power        Failure   Level
a - Beastly Appendage     Tmut           16%          8%          1
b - Spider Form           Tmut/Pois      2%           38%         3

Your spell library contained the following spells:

 Spells                   Type           Power        Failure   Level
 Wereblood                Tmut           8%           12%         2
 Ice Form                 Ice/Tmut       5%           80%         4
 Blade Hands              Tmut           4%           91%         5


Dungeon Overview and Level Annotations

Branches:
Dungeon (3/15)

Altars:
Sif Muna


Innate Abilities, Weirdness & Mutations

You cannot wear most types of armour.
You are very stealthy in the water. (Stealth+)
You are amphibious.
You can wear up to eight rings at the same time.
You can use your tentacles to constrict eight enemies at once.
Your skin changes colour to match your surroundings (Stealth+).
Your rubbery body absorbs attacks. (AC +1, EV +1)
One of your tentacles bears a large vicious spike.
You have supernaturally acute eyesight. (SInv)


Message History

You are too injured to fight recklessly!
You are too injured to fight recklessly!
You are too injured to fight recklessly!
You are too injured to fight recklessly!
You tentacle-slap the adder.
Your tentacle spike misses the adder.
The adder is heavily wounded.
You constrict the adder. The adder misses you. The rat closely misses you.
You barely miss the adder.
You pierce the adder, but do no damage.
The adder is severely wounded.
You constrict the adder. The adder bites you.
You are poisoned.
The adder poisons you! The worm closely misses you. The rat closely misses you.
You tentacle-slap the adder.
You kill the adder!
You feel sick. The rat bites you.
You feel your strength returning.
You closely miss the rat. Your grab misses the rat. The worm bites you!
* * * LOW HITPOINT WARNING * * *
The rat closely misses you.
You die...

#.# #.# #.# #.#
#.####.#
#.#########.....
..........#..#####.w
.......<..@.........
..........r.w#....##
................###
##.######.#.##.## ..
...#....# .
...##..### .....
#### ..... ####


You could see a worm and a rat.

Vanquished Creatures
  Robin (D:2)
  3 adders
  4 worms (D:2)
  A dart slug (D:2)
  A leopard gecko (D:2)
  3 giant cockroaches (D:1)
  15 goblins
  6 hobgoblins
  2 jackals (D:2)
  2 kobolds (D:2)
  2 quokkas (D:2)
  A ball python (D:2)
  4 bats
  6 frilled lizards
  9 rats
60 creatures vanquished.

Vanquished Creatures (others)
  4 toadstools (D:1)
4 creatures vanquished.

Grand Total: 64 creatures vanquished

Notes
Turn   | Place    | Note
-------+----------+-------------------------------------------
     0 | D:1      | kae the Octopode Transmuter began the quest for the Orb.
     0 | D:1      | Reached XP level 1. HP: 13/13 MP: 3/3
   236 | D:1      | Reached XP level 2. HP: 18/18 MP: 3/5
   870 | D:2      | Reached XP level 3. HP: 20/23 MP: 4/6
   907 | D:2      | Learned a level 3 spell: Spider Form
  1449 | D:2      | Reached XP level 4. HP: 21/28 MP: 5/7
  1628 | D:2      | Noticed Robin
  1655 | D:2      | Killed Robin
  1672 | D:2      | Gained mutation: You are frail. (-10% HP) [potion of
                  | mutation]
  1672 | D:2      | Lost mutation: You are frail. (-10% HP) [potion of
                  | mutation]
  1672 | D:2      | Gained mutation: You have supernaturally acute eyesight.
                  | (SInv) [potion of mutation]
  1673 | D:2      | HP: 1/29 [goblin/+0 dagger[Robin] (2)]
  2205 | D:2      | HP: 1/29 [worm (12)]
  2527 | D:2      | Reached skill level 4 in Unarmed Combat
  2621 | D:2      | Found a shimmering blue altar of Sif Muna.
  2684 | D:3      | HP: 1/29 [worm (8)]
  2685 | D:3      | Succumbed to an adder's poison

Illustrated notes

Levels and vault maps discovered:
D:1:      ldierk_walled_garden_2, layout_rooms, minmay_misc_feat_alley
D:2:      layout_rooms, led_sif_pool, serial_corexii_hall,
          corexii_hall_statues_deadend, chequers_hall_statues_corner_a,
          uniq_robin
D:3:      layout_rooms, grunt_temple_overflow_order_and_chaos_1,
          uniq_crazy_yiuf_cottage, uniq_jessica

Skill      XL: |  1  2  3  4 |
---------------+-------------+-----
Unarmed Combat | 4 |  4.0
Fighting       | |  1.8
Dodging        | |  2.6
Spellcasting   | |  2.5
Transmutations | |  2.7

Action                   |  1- 3 |  4- 6 || total
-------------------------+-------+-------++-------
Melee: Unarmed           |    85 |    60 ||   145
       Tentacles         |    11 |     6 ||    17
       Kick              |    17 |     6 ||    23
       Constrict         |    22 |    12 ||    34
       Punch             |       |     3 ||     3
 Cast: Beastly Appendage |    17 |     6 ||    23
  Use: Potion            |       |     6 ||     6
       Scroll            |       |     5 ||     5
 Stab: Sleeping          |     2 |     1 ||     3
Armor: Skin              |     5 |    14 ||    19
Dodge: Dodged            |    72 |    52 ||   124

Table legend: (Time is in decaauts)
 A = Elapsed time spent in this place.
 B = Non-inter-level travel time spent in this place.
 C = Inter-level travel time spent in this place.
 D = Time resting spent in this place.
 E = Time spent auto-exploring this place.
 F = Levels seen in this place.
 G = Mean time per level.
                   A        B        C        D        E       F      G
               +--------+--------+--------+--------+--------+-----+--------+
         Total |   2676 |   2613 |     63 |    170 |   2050 |   3 |  892.0 |
       Dungeon |   2676 |   2613 |     63 |    170 |   2050 |   3 |  892.0 |
               +--------+--------+--------+--------+--------+-----+--------+

Top non-repeatable levels by time:
     D:2: 1383 daAuts
     D:1: 1270 daAuts
     D:3: 23 daAuts
